 Dungeon Crawl Stone Soup version 0.27.1-33-g824d729ab1 (webtiles) character file.

Game seed: 15135064615102255674

751 zeram the Covered (level 7, -7/61 HPs)
             Began as a Hill Orc Fighter on Dec 4, 2021.
             Was an Initiate of Beogh.
             Mangled by Duvessa (13 damage)
             ... on level 3 of the Dungeon.
             The game lasted 00:06:28 (4659 turns).

zeram the Covered (Hill Orc Fighter)                Turns: 4659, Time: 00:06:29

Health: -7/61      AC: 14    Str: 21    XL:     7   Next: 78%
Magic:  7/7        EV:  8    Int: 11    God:    Beogh [......]
Gold:   112        SH: 11    Dex: 10    Spells: 6/6 levels left

rFire    . . .     SeeInvis .   k - +0 spear (vorpal)
rCold    . . .     Faith    .   c - +1 kite shield
rNeg     . . .     Spirit   .   b - +0 scale mail
rPois    .         Reflect  .   l - +2 helmet {Int+3}
rElec    .         Harm     .   (no cloak)
rCorr    .         Rampage  .   o - +2 pair of gloves
Will     .....                  (no boots)
Stlth    ..........             (no amulet)
HPRegen  0.20/turn              (no ring)
MPRegen  0.10/turn              (no ring)

@: no status effects
A: no striking features
a: Renounce Religion


You were on level 3 of the Dungeon.
You worshipped Beogh.
Beogh was noncommittal.
You visited 1 branch of the dungeon, and saw 4 of its levels.

You collected 112 gold pieces.

Inventory:

Hand Weapons
 a - a +0 war axe
 k - a +0 vorpal spear (weapon)
Armour
 b - a +0 scale mail (worn)
 c - a +1 kite shield (worn)
 l - a +2 helmet of intelligence (worn)
 o - a +2 pair of gloves (worn)
Jewellery
 g - an amulet of the acrobat
 n - a ring of protection from fire
Scrolls
 e - a scroll of teleportation
Potions
 f - 2 potions of curing
 j - a potion of degeneration
 m - a potion of resistance {unknown}


   Skills:
 + Level 5.5 Fighting
 - Level 4.6 Axes
 + Level 6.3 Armour
 + Level 6.2 Shields


You had 6 spell levels left.
You didn't know any spells.
Your spell library was empty.

Dungeon Overview and Level Annotations

Branches:
Dungeon (4/15)
 Temple: D:4-7

Altars:

Shops:
D:2 *

Annotations:
D:3 2 transporters, Duvessa; Kranky's ghost, amateur GnWn


Message History

You hit Dowan.
Dowan is heavily wounded.
Duvessa hits you with a +0 rapier. Dowan hits you but does no damage.
Duvessa hits you with a +0 rapier.
You hit Dowan.
Dowan is severely wounded.
Duvessa hits you with a +0 rapier. Dowan hits you but does no damage.
Duvessa hits you with a +0 rapier. Dowan casts a spell at you.
You block the puff of flame.
You hit Dowan.
Dowan is almost dead.
Duvessa hits you but does no damage. Dowan closely misses you.
You block Duvessa's attack.
You miss Dowan.
Dowan is almost dead.
You block Duvessa's attack. Dowan barely misses you.
You closely miss Dowan.
Dowan is almost dead.
You block Duvessa's attack. Duvessa hits you but does no damage.
Dowan hits you with a +0 dagger.
You miss Dowan.
Dowan is almost dead.
Duvessa hits you with a +0 rapier. You block Dowan's attack.
Duvessa hits you with a +0 rapier!
* * * LOW HITPOINT WARNING * * *
You hit Dowan.
You kill Dowan!
Beogh accepts your kill.
Duvessa screams, "No!
How DARE you!"
Duvessa goes berserk!
Duvessa hits you with a +0 rapier!
* * * LOW HITPOINT WARNING * * *
Duvessa rages.
You block Duvessa's attack.
Things that are here:
a +0 dagger; a +0 robe Duvessa rages.
Duvessa hits you but does no damage. Duvessa hits you with a +0 rapier!
You die...

..# #.#.##.#.# #.......
.########........#############e##
..........#.....<.......# #e#
....#####.#..#.##.#####.# #.#
.....# #.#..#.##.# #.######.#
.....# #.#....##)# #.e.e....#
.....# #.##.####.# ##########
....#####.##.####e#
..........##....@.#
.##.#.......####### ÷...#..####.#
.####..####.# ÷####....##.#
...##.##.##.# ...##.##.##.#
...##.......# ...#####.####


You could see Duvessa (berserk, fast).

Vanquished Creatures
  Grinder (D:4)
  Purgy (D:3)
  An ogre (D:4)
  A wyvern zombie (D:4)
  A scorpion (D:4)
  Dowan (D:3)
  A centaur skeleton (D:4)
  An iguana (D:4)
  Robin (D:2)
  5 adders
  3 dart slugs (D:1)
  3 orcs
  6 endoplasms
  2 giant cockroaches (D:3)
  13 hobgoblins
  3 jackals (D:2)
  A quokka (D:1)
  7 ball pythons
  5 bats
  10 frilled lizards
  7 goblins
  5 kobolds
  7 rats
86 creatures vanquished.

Vanquished Creatures (collateral kills)
  An adder (D:3)
  A hobgoblin (D:3)
2 creatures vanquished.

Vanquished Creatures (others)
  7 fungi (D:2)
  13 plants
20 creatures vanquished.

Grand Total: 108 creatures vanquished

Notes
Turn   | Place    | Note
-------+----------+-------------------------------------------
     0 | D:1      | zeram the Hill Orc Fighter began the quest for the Orb.
     0 | D:1      | Reached XP level 1. HP: 19/19 MP: 1/1
    96 | D:1      | Reached XP level 2. HP: 17/27 MP: 2/2
   599 | D:1      | Reached XP level 3. HP: 27/33 MP: 3/3
   856 | D:2      | Found a faded altar of an unknown god.
  1319 | D:2      | Noticed Robin
  1323 | D:2      | Reached XP level 4. HP: 38/40 MP: 4/4
  1335 | D:2      | Killed Robin
  1692 | D:2      | Found Geattuna's General Store.
  2140 | D:3      | Noticed Purgy
  2160 | D:3      | Killed Purgy
  2161 | D:3      | Reached XP level 5. HP: 31/47 MP: 5/5
  2760 | D:3      | Found a transporter.
  2764 | D:3      | Noticed an ogre
  2764 | D:3      | Noticed Kranky's ghost (amateur GnWn)
  2766 | D:3      | Noticed an ogre
  2768 | D:3      | Found a transporter.
  3082 | D:4      | Reached XP level 6. HP: 53/53 MP: 6/6
  3290 | D:4      | Reached skill level 5 in Armour
  3290 | D:4      | Reached skill level 5 in Shields
  3371 | D:4      | Became a worshipper of Beogh the Brigand
  3422 | D:4      | Noticed Grinder
  3422 | D:4      | Paralysed by Grinder for 2 turns
  3450 | D:4      | Reached skill level 5 in Fighting
  3456 | D:4      | Killed Grinder
  3457 | D:4      | Reached XP level 7. HP: 12/61 MP: 7/7
  3900 | D:4      | Noticed Duvessa
  3903 | D:4      | Noticed Dowan
  4655 | D:3      | Killed Dowan
  4659 | D:3      | Mangled by Duvessa

Illustrated notes

Levels and vault maps discovered:
D:1:      tarquinn_simple_flora_water_e, layout_rooms, serial_curves,
          eino_curves_03, eino_curves_02
D:2:      layout_loops_ring, serial_shops, nicolae_lakefront_shop,
          dreamdust_ecumenical_altar_grove, uniq_robin
D:3:      layout_loops_cross, gammafunk_ghost_smash, uniq_purgy
D:4:      kennysheep_kobold_camp, layout_loops_ring,
          minmay_temple_entry_from_below_b, serial_shops, kennysheep_mini,
          minmay_lizard_king, uniq_duvessa, uniq_grinder

Skill      XL: |  1  2  3  4  5  6  7 |
---------------+----------------------+-----
Axes           | 3 4 |  4.6
Fighting       | 4 5 |  5.5
Armour         | 4 5 6 |  6.3
Shields        | 4 5 6 |  6.2

Action                   |  1- 3 |  4- 6 |  7- 9 || total
-------------------------+-------+-------+-------++-------
Melee: War axe           |   103 |    12 |       ||   115
       Spear             |       |   159 |    99 ||   258
Invok: Convert to Beogh  |       |     1 |       ||     1
  Use: Scroll            |     4 |     5 |     1 ||    10
       Potion            |       |     2 |     1 ||     3
Armor: Scale mail        |    52 |    89 |    41 ||   182
Dodge: Dodged            |    51 |    51 |    36 ||   138
Block: Kite shield       |    65 |   103 |    81 ||   249
